Map: Simulacro LE

Players

LowLinK

  • Race: Protoss Protoss
  • League: Platinum
  • Spawn Location: 11:00

CompaDrone - Winner!

  • Race: Zerg Zerg
  • League: Diamond
  • Spawn Location: 5:00

VOD

Have the link to the VOD?

Description

Time

  • Played on: Feb. 14, 2020, 4:35 p.m.
  • Length: 6:14
Show
View Real Time Build Order
Export as new Build Order

LowLinK Protoss 

Build Orders:  

Get SALT Encoding   

  12  0:01  Probe  
  13  0:13  Probe  
  14  0:17  Pylon  
  14  0:25  Probe  
  15  0:36  Gateway  
  15  0:38  Probe  
  16  0:45  Assimilator  
  16  0:50  Probe  
  17  1:02  Probe, Assimilator  
  18  1:14  Probe  
  19  1:23  Pylon  
  19  1:24  Cybernetics Core  
  19  1:27  Probe  
  20  1:39  Probe  
  21  1:51  Probe  
  22  2:00  Pylon  
  22  2:01  Warp Gate  
  22  2:03  Probe  
  22  2:06  Adept  
  25  2:24  Stargate  
  25  2:36  Gateway  
  25  2:39  Gateway  
  25  2:43  Gateway  
  24  2:56  Gateway  
  24  3:11  Probe  
  25  3:21  Gateway  
  25  3:23  Probe  
  25  3:26  Gateway  
  26  3:30  Pylon  
  26  3:32  Pylon  
  26  3:51  Gateway  
  26  3:56  Adept  
  26  3:58  Adept x2  
  32  4:17  Adept x2  
  32  4:18  Adept  
  32  4:20  Sentry  
  32  4:21  Zealot  
  42  4:34  Adept  
  42  4:36  Sentry  
  46  4:46  Pylon  
  46  4:49  Pylon  
  46  5:05  Adept x2  
  46  5:06  Zealot  
  52  5:07  Sentry  
  52  5:08  Stalker x2  
  58  5:23  Stalker  
  58  5:28  Pylon  
  60  5:42  Stalker  
  50  5:43  Stalker x2  
  36  6:00  Stalker  
  36  6:01  Stalker  
Show
View Real Time Build Order
Export as new Build Order

CompaDrone Zerg - Winner!

Build Orders: Hatch First 

Get SALT Encoding   

  12  0:01  Drone  
  13  0:12  Overlord  
  13  0:17  Drone  
  14  0:31  Drone x2  
  16  0:51  Hatchery  
  16  0:55  Drone x2  
  17  1:08  Drone x2  
  17  1:09  Extractor  
  18  1:20  Spawning Pool  
  18  1:22  Drone  
  18  1:30  Drone  
  19  1:38  Drone  
  20  1:49  Overlord  
  20  2:00  Drone  
  21  2:03  Drone  
  21  2:06  Queen  
  21  2:07  Queen  
  26  2:11  Zergling x2  
  26  2:14  Zergling x2  
  28  2:16  Metabolic Boost  
  28  2:22  Drone  
  29  2:24  Drone  
  30  2:55  Overlord  
  30  2:56  Drone x4  
  30  2:57  Drone  
  35  3:03  Hatchery, Queen  
  36  3:09  Overlord  
  36  3:14  Overlord  
  36  3:20  Drone x2  
  36  3:22  Drone x2  
  40  3:28  Lair  
  40  3:32  Drone  
  40  3:34  Drone  
  42  3:36  Drone  
  42  3:38  Drone  
  44  3:44  Drone x3  
  47  3:51  Drone  
  47  3:52  Roach Warren  
  47  3:54  Drone  
  48  3:56  Extractor  
  48  3:57  Extractor, Drone  
  48  3:58  Drone  
  48  4:00  Drone  
  48  4:02  Drone  
  50  4:03  Drone  
  50  4:05  Drone  
  50  4:07  Drone  
  53  4:12  Overlord  
  53  4:15  Drone x2  
  55  4:19  Drone  
  55  4:24  Drone x2  
  57  4:25  Drone x2  
  57  4:27  Drone  
  57  4:31  Overlord  
  61  4:32  Drone x2  
  63  4:39  Glial Reconstitution  
  63  4:41  Overlord  
  63  4:45  Roach x3  
  69  4:51  Roach, Overlord  
  69  4:52  Roach  
  73  4:54  Roach  
  73  4:56  Roach  
  73  4:59  Roach  
  79  5:01  Roach  
  79  5:02  Roach  
  79  5:04  Overlord  
  83  5:08  Overlord  
  83  5:09  Roach  
  83  5:12  Roach x2  
  89  5:16  Roach  
  89  5:18  Drone x2  
  89  5:20  Roach x2  
  97  5:23  Roach x2  
  97  5:25  Roach  
  97  5:27  Roach  
  105  5:28  Overseer  
  105  5:31  Roach  
  106  5:37  Roach  
  106  5:39  Roach x4, Drone  
  106  5:41  Roach  
  112  5:43  Roach  
  112  5:45  Roach  
  112  5:49  Roach  
  110  5:53  Roach  
  110  5:54  Roach  
Tags
 
Add a new tag
Caveats
  • Supply blocks, unpowered buildings, or Contaminate may cause inaccurate times.
  • Supply counts are checked every 10 seconds.